 Dungeon Crawl Stone Soup version 0.16-a0-4112-g89a4107 (webtiles) character file.

165 Psiweapon the Grave Robber (level 5, 22/42 HPs)
             Began as a Deep Dwarf Necromancer on Feb 27, 2015.
             Was an Initiate of Ashenzari.
             Quit the game on level 3 of the Dungeon.
             The game lasted 00:13:35 (3302 turns).

Psiweapon the Grave Robber (Deep Dwarf Necromancer) Turns: 3302, Time: 00:13:35

Health: 22/42      AC:  3    Str: 11    XL:     5   Next: 21%
Magic:  7/7        EV: 12    Int: 17    God:    Ashenzari [......]
Gold:   143        SH:  0    Dex: 13    Spells: 2 memorised, 3 levels left

rFire  . . .     SeeInvis .     f - +0 dagger
rCold  . . .     Clarity  .     m - +0 leather armour
rNeg   . . .     SustAb   .     (no shield)
rPois  .         Gourm    .     (no helmet)
rElec  .         Spirit   .     (no cloak)
rCorr  .         Warding  .     (no gloves)
rMut   .         Stasis   .     (no boots)
MR     .....                    (no amulet)
Stlth  ++........               (no ring)
                                (no ring)

@: non-regenerating, not resistant to hostile enchantments, unstealthy
A: damage resistance, recharge devices, sense surroundings 1, slow healing 3
a: Device Recharging, Renounce Religion


You were on level 3 of the Dungeon.
You worshipped Ashenzari.
Ashenzari was noncommittal.
You were not hungry.

You visited 1 branch of the dungeon, and saw 4 of its levels.

You collected 143 gold pieces.

Inventory:

Hand weapons
 f - a +0 dagger (weapon)
Missiles
 i - 18 bolts
 n - 73 stones (quivered)
 o - 10 poisoned needles
Armour
 a - a +0 robe
 m - a +0 leather armour (worn)
Magical devices
 c - a wand of heal wounds (4)
 w - a wand of disintegration (8)
Scrolls
 g - 2 scrolls of recharging {unknown}
 h - 2 scrolls of remove curse
 j - a scroll of fear {unknown}
 l - 2 scrolls of teleportation {unknown}
 u - 4 scrolls of identify {unknown}
Potions
 e - 9 potions of curing {unknown}
 k - a potion of might {unknown}
 q - a potion of haste {unknown}
 r - a potion of restore abilities {unknown}
Books
 b - a book of Necromancy

   Spells                             Type                      Level
   a - Pain                           Necromancy                   1
   b - Animate Skeleton               Necromancy                   1
   c - Vampiric Draining              Necromancy                   3
   d - Regeneration                   Charms/Necromancy            3
   e - Animate Dead                   Necromancy                   4
   f - Control Undead                 Necromancy                   4
Comestibles
 d - 3 bread rations
 p - 4 fruits
 t - a royal jelly
 v - 2 meat rations


   Skills:
 - Level 2.1 Dodging
 - Level 2.6 Stealth
 - Level 1.8 Spellcasting
 + Level 7.1 Necromancy


You had 3 spell levels left.
You knew the following spells:

 Your Spells              Type           Power        Failure   Level  Hunger
a - Pain                  Necr           ####         1%          1    #......
b - Vampiric Draining     Necr           ####......   4%          3    ###....


Dungeon Overview and Level Annotations

Branches:
Dungeon (4/15)
 Temple: D:4-7

Altars:
Ashenzari
Nemelex Xobeh
Okawaru


Innate Abilities, Weirdness & Mutations

You are resistant to damage.
You can recharge devices by infusing magical energy.
You passively map a small area around you.
You do not heal naturally.


Message History

Casting: Pain
Confirm with . or Enter, or press ? or * to list all spells.
Aiming: Pain
Press: ? - help, Shift-Dir - straight line, f/p - gnoll
Aim: a gnoll, wielding a spear (heavily wounded, chance 89%)
The gnoll convulses in agony!
You kill the gnoll!
The gnoll shouts!
You climb upwards.
There is a stone staircase leading down here.
You start resting.
Your magical contamination has completely faded away.
Eat which item? (? for menu, Esc to quit)
That beef jerky was jerk-a-riffic!
You start resting.
Magic restored.
You see here an uncursed dagger.
You see here 19 stones.
There is a stone staircase leading down here.
Are you sure you want to abandon this character and quit the game? (Confirm with "yes".)

#)###.# #.#<#.#
#...#.#
##########.#.#
...........#.#
.#########.#.#
...........#.#
############.########
................@...#
#####.####[#........#
#####.####.#........#
..#...[.##.#........#
#.#.....##..........#
#.......####........#
##......# #........#
##...(..# #........#
.รท..#.### #........#


There were no monsters in sight!

Vanquished Creatures
  An orc wizard (D:3)
  Jessica (D:2)
  A gnoll (D:4)
  4 adders
  A worm (D:2)
  A giant gecko (D:3)
  2 oozes (D:2)
  2 orcs (D:3)
  9 bats
  7 goblins
  6 hobgoblins
  4 kobolds
  2 quokkas
  12 giant newts
  10 jackals
  7 rats
70 creatures vanquished.

Notes
Turn   | Place    | Note
--------------------------------------------------------------
     0 | D:1      | Psiweapon, the Deep Dwarf Necromancer, began the quest for the Orb.
     0 | D:1      | Reached XP level 1. HP: 15/15 MP: 2/2
   487 | D:1      | Reached XP level 2. HP: 13/22 MP: 0/3
   664 | D:1      | Reached skill level 5 in Necromancy
  1289 | D:2      | Reached XP level 3. HP: 10/28 MP: 3/5
  1335 | D:2      | Learned a level 3 spell: Vampiric Draining
  1656 | D:2      | Found a sparkling altar of Nemelex Xobeh.
  1659 | D:2      | Found a shattered altar of Ashenzari.
  1662 | D:2      | Found an iron altar of Okawaru.
  1666 | D:2      | Became a worshipper of Ashenzari the Shackled
  1876 | D:2      | Reached skill level 6 in Necromancy
  2066 | D:2      | Reached XP level 4. HP: 23/36 MP: 2/6
  2183 | D:2      | Noticed Jessica
  2187 | D:2      | Killed Jessica
  2574 | D:3      | Reached XP level 5. HP: 16/42 MP: 1/7
  3147 | D:4      | Reached skill level 7 in Necromancy
  3302 | D:3      | Quit the game

Action                   |  1- 3 |  4- 6 || total
-------------------------+-------+-------++-------
Melee: Dagger            |   103 |    43 ||   146
 Cast: Pain              |    56 |    15 ||    71
       Vampiric Draining |     3 |    10 ||    13
Evoke: Wand              |     1 |       ||     1
 Stab: Sleeping          |     1 |     2 ||     3
  Eat: Chunk             |     5 |     4 ||     9
       Beef jerky        |       |     1 ||     1
